 Dungeon Crawl Stone Soup version 0.29.1-15-g9cfb28693d (webtiles) character file.

Game seed: 6757129475189332853

935 leafyfresh the Covert (level 8, -7/54 HPs)
             Began as an Octopode Delver on Feb 25, 2023.
             Mangled by an orc warrior
             ... wielding a +0 flail
              (9 damage)
             ... on level 5 of the Dungeon.
             The game lasted 00:02:17 (2730 turns).

leafyfresh the Covert (Octopode Delver)             Turns: 2730, Time: 00:02:17

Health: -7/54      AC:  1    Str: 11    XL:     8   Next: 11%
Magic:  8/8        EV: 15    Int: 14    God:
Gold:   93         SH:  0    Dex: 14    Spells: 7/7 levels left

rFire   + . .      SeeInvis .   a - +0 short sword
rCold   . . .      Faith    .   (no shield)
rNeg    . . .      Spirit   .   (helmet restricted)
rPois   .          Reflect  .   (no amulet)
rElec   .          Harm     .   o - ring of protection from fire
rCorr   .          Rampage  .   (no ring)
Will    .....                   (no ring)
Stlth   ++++++....              (no ring)
HPRegen 0.18/turn               (no ring)
MPRegen 0.11/turn               (no ring)
                                (no ring)
                                (no ring)

@: no status effects
A: almost no armour, amphibious, 8 rings, camouflage 1, gelatinous body 1,
(nimble swimmer 1), tentacles
a: no special abilities


You were on level 5 of the Dungeon.
You visited 1 branch of the dungeon, and saw 2 of its levels.

You collected 93 gold pieces.

Inventory:

Hand Weapons
 a - a +0 short sword (weapon)
Jewellery
 o - a ring of protection from fire (left tentacle)
Wands
 f - a wand of digging (10)
Scrolls
 b - a scroll of fog
 c - 2 scrolls of magic mapping
 e - a scroll of immolation {unknown}
 g - a scroll of vulnerability {unknown}
 k - a scroll of amnesia {unknown}
 l - a scroll of identify {unknown}
 m - a scroll of teleportation {unknown}
Potions
 d - 3 potions of berserk rage {unknown}
 h - a potion of resistance {unknown}
 i - 2 potions of mutation {unknown}
 j - a potion of lignification {unknown}
 n - a potion of heal wounds {unknown}


   Skills:
 - Level 3.8 Fighting
 - Level 3.0 Short Blades
 + Level 6.2 Dodging
 + Level 10.7 Stealth


You had 7 spell levels left.
You didn't know any spells.
Your spell library contained the following spells:

 Spells                   Type           Power      Damage    Failure   Level
 Portal Projectile        Hex/Tloc       0%         N/A       65%         3
 Tukima's Dance           Hex            0%         N/A       65%         3
 Blade Hands              Tmut           0%         N/A       100%        5


Dungeon Overview and Level Annotations

Branches:
Dungeon (6/15)
 Temple: D:4-7

Altars:
Hepliaklqana


Innate Abilities, Weirdness & Mutations

You cannot wear most types of armour.
You are amphibious.
You can wear up to eight rings at the same time.
Your skin changes colour to match your surroundings (Stealth+).
Your rubbery body absorbs attacks. (AC +1, EV +1)
((You are camouflaged when in or above water. (Stealth+)))
You have tentacles for arms and can constrict up to eight enemies at once.


Message History

An iguana is nearby!
An iguana is nearby!
The helpless iguana fails to defend itself.
You spit the iguana like a pig!!!
You kill the iguana!
A howler monkey comes into view.
Found a stone staircase leading up.
A howler monkey is nearby!
A howler monkey is nearby!
A howler monkey is nearby!
The helpless howler monkey fails to defend itself.
You impale the howler monkey!!
You kill the howler monkey!
An orc warrior is nearby!
An orc warrior is nearby!
There are monsters nearby!
You barely miss the orc warrior.
The orc warrior shouts!
You grab the orc warrior. You squeeze the orc warrior!
The orc warrior is moderately wounded.
You constrict the orc warrior.
You hear a shout! x2
The orc warrior hits you with a +0 flail!
You hear a shout!
You hit the orc warrior but do no damage.
The orc warrior is moderately wounded.
You constrict the orc warrior.
The orc wizard points at you and mumbles some strange words.
The magic dart hits you!
The orc warrior hits you with a +0 flail!
You hit the orc warrior. You squeeze the orc warrior!
The orc warrior is almost dead.
You constrict the orc warrior, but do no damage.
The orc warrior hits you with a +0 flail!!
* * * LOW HITPOINT WARNING * * *
You hit the orc warrior. You tentacle-slap the orc warrior.
The orc warrior is almost dead.
You constrict the orc warrior, but do no damage.
The orc warrior hits you with a +0 flail!
You die...

.............................# #
............####.#.####.#..#.####
#####.#####.# #.#.# #.........#
#####.##....# #.#.# ###(.#.##.#
.........##.####.#.# #........
#####.#..##.##.....######...#.#.#
.. .............................
## #.#..#.......................
......<....o@o...............
........##.###.######........
.....#.###... .. ###.##... #
#.##.#. #o### #######.##.## # .
.... .o. ............. # # ##.#.
#.# #######.##.## #.# #.#. ...
#.##.## #.# . ..# #.##.#. ... .#
#.##.#.


You could see an orc warrior and an orc wizard.

Vanquished Creatures
  Eustachio (D:5)
  A sky beast (D:6)
  An ice beast (D:6)
  A centaur (D:5)
  A phantom (D:6)
  2 scorpions
  A howler monkey (D:5)
  3 hounds
  2 jellies
  3 iguanas
  5 adders
  2 white imps
  5 orcs (D:5)
  4 jackals (D:5)
  2 quokkas (D:5)
34 creatures vanquished.

Notes
Turn   | Place    | Note
-------+----------+-------------------------------------------
     0 | D:5      | leafyfresh the Octopode Delver began the quest for the Orb.
     0 | D:5      | Reached XP level 1. HP: 16/16 MP: 1/1
    51 | D:5      | Noticed a centaur
    59 | D:5      | Killed a centaur
    60 | D:5      | Reached skill level 7 in Stealth
    60 | D:5      | Reached XP level 2. HP: 11/21 MP: 2/2
    60 | D:5      | Reached XP level 3. HP: 14/26 MP: 3/3
    60 | D:5      | Reached XP level 4. HP: 17/31 MP: 4/4
   253 | D:5      | Noticed an orc warrior
   690 | D:5      | Reached XP level 5. HP: 37/37 MP: 5/5
  1223 | D:6      | Noticed an ice beast
  1227 | D:6      | Killed an ice beast
  1228 | D:6      | Reached skill level 8 in Stealth
  1228 | D:6      | Reached XP level 6. HP: 43/43 MP: 6/6
  1426 | D:6      | Reached skill level 9 in Stealth
  1473 | D:6      | Reached XP level 7. HP: 47/47 MP: 7/7
  1633 | D:6      | Reached skill level 5 in Dodging
  2334 | D:5      | Found a hazy altar of Hepliaklqana.
  2494 | D:5      | Reached skill level 10 in Stealth
  2625 | D:5      | Noticed Eustachio
  2633 | D:5      | Killed Eustachio
  2634 | D:5      | Reached XP level 8. HP: 54/54 MP: 8/8
  2729 | D:5      | HP: 2/54 [orc warrior/+0 flail (19)]
  2730 | D:5      | Mangled by an orc warrior

Illustrated notes

Levels and vault maps discovered:
D:5:      layout_basic, mainiacjoe_overflow_small_starburst, uniq_ijyb,
          uniq_menkaure, uniq_eustachio
D:6:      layout_loops_ring, moated_statue

Skill      XL: |  1  2  3  4  5  6  7 |
---------------+----------------------+-----
Stealth        | 7 8 9 10 | 10.7
Short Blades   | 3 |  3.0
Dodging        | 3 4 6 |  6.2
Fighting       | |  3.8

Action                   |  1- 3 |  4- 6 |  7- 9 || total
-------------------------+-------+-------+-------++-------
Melee: Short sword       |     3 |    38 |    44 ||    85
       Tentacles         |       |    11 |     9 ||    20
       Constrict         |       |     8 |     8 ||    16
       Punch             |       |       |     3 ||     3
  Use: Potion            |       |     1 |       ||     1
       Scroll            |       |       |     1 ||     1
 Stab: Sleeping          |     2 |     7 |     9 ||    18
       Distracted        |       |     1 |       ||     1
Armor: Skin              |     1 |     4 |     4 ||     9
Dodge: Dodged            |     1 |    39 |    16 ||    56
